 Dungeon Crawl Stone Soup version 0.17.0-28-g6e173f8 (webtiles) character file.

244 Lathuz the Conjurer (level 5, -1/28 HPs)
             Began as a Deep Elf Conjurer on Nov 29, 2015.
             Was an Initiate of Vehumet.
             Slain by an orc priest
             ... wielding a +0 trident
              (4 damage)
             ... on level 3 of the Dungeon.
             The game lasted 00:11:58 (4387 turns).

Lathuz the Conjurer (Deep Elf Conjurer)             Turns: 4387, Time: 00:11:58

Health: -1/28      AC:  3    Str:  6    XL:     5   Next: 83%
Magic:  4/11       EV: 13    Int: 20    God:    Vehumet [......]
Gold:   120        SH:  0    Dex: 15    Spells: 2 memorised, 4 levels left

rFire  . . .     SeeInvis .     n - +1 short sword
rCold  . . .     Clarity  .     a - +0 robe
rNeg   . . .     SustAt   .     (no shield)
rPois  .         Gourm    .     (no helmet)
rElec  .         Spirit   .     (no cloak)
rCorr  .         Warding  .     (no gloves)
rMut   .         Stasis   .     o - +0 pair of boots
MR     .....                    (no amulet)
Stlth  ++........               (no ring)
                                (no ring)

@: not resistant to hostile enchantments, unstealthy
A: no striking features
a: Renounce Religion


You were on level 3 of the Dungeon.
You worshipped Vehumet.
Vehumet was noncommittal.
You were not hungry.

You visited 1 branch of the dungeon, and saw 3 of its levels.

You collected 120 gold pieces.

Inventory:

Hand Weapons
 n - a +1 short sword (weapon)
Armour
 a - a +0 robe (worn)
 o - a +0 pair of boots (worn)
Scrolls
 d - 3 scrolls of identify
 h - a scroll of remove curse
 i - 2 scrolls of amnesia
Potions
 e - a potion of curing {unknown}
 f - a potion of magic {unknown}
 k - 2 potions of heal wounds {unknown}
 l - 2 potions of cure mutation {unknown}
 p - 2 potions of mutation {unknown}
 s - 3 potions of cancellation
 t - a potion of brilliance {unknown}
Books
 b - a book of Conjurations

   Spells                             Type                      Level
   a - Magic Dart                     Conjuration                  1
   b - Searing Ray                    Conjuration                  2
   c - Dazzling Spray                 Conjuration/Hexes            3
   d - Fulminant Prism                Conjuration/Hexes            4
   e - Iskenderun's Mystic Blast      Conjuration                  4
   f - Iskenderun's Battlesphere      Conjuration/Charms           5
Comestibles
 c - 5 bread rations
 j - a slice of pizza
 q - a meat ration
 r - a royal jelly


   Skills:
 - Level 2.4 Dodging
 - Level 2.4 Stealth
 - Level 3.0 Spellcasting
 + Level 7.5 Conjurations
 + Level 2.6 Charms


You had 4 spell levels left.
You knew the following spells:

 Your Spells              Type           Power        Failure   Level  Hunger
a - Magic Dart            Conj           ####         1%          1    None
b - Iskenderun's Battles  Conj/Chrm      ###.....     58%         5    ######.


Dungeon Overview and Level Annotations

Branches:
Dungeon (3/15)

Altars:
Ru
Vehumet

Annotations:
D:3 Sigmund


Message History

* * * LOW HITPOINT WARNING * * *
You hear a shout!
Casting: Magic Dart
Confirm with . or Enter, or press ? or * to list all spells.
Aiming: Magic Dart
Press: ? - help, Shift-Dir - straight line, f/p - orc priest
Aim: an orc priest, wielding a trident and wearing a chain mail (almost dead)
The magic dart hits the orc priest.
The orc priest is almost dead.
The orc priest closely misses you.
An orc priest comes into view. It is wielding a trident.
Casting: Magic Dart
Confirm with . or Enter, or press ? or * to list all spells.
Aiming: Magic Dart
Press: ? - help, Shift-Dir - straight line, f/p - orc priest
Aim: an orc priest, wielding a trident and wearing a chain mail (almost dead)
The magic dart hits the orc priest.
The orc priest is almost dead.
The orc priest hits you from afar with a trident.
You die...

..## #...#####.#
...####...#...#.#
..........#.#.#.#
...####...#†#.#.#
...# ##..#.#.#.#
...#
#..#.#<#.#######
...#
#..#.#.........#
...#
#..#.##........#
##.#
#).#.#...@.....#
#.#
#..#.#.........#
#.#
##.........o...#
#.#
#.#........o..#
###
#.#........K..#
#.#####.####.K..
... ...# .o....
#.# ##### ......
#.# .....


You could see 2 orc priests, an orc and 2 kobolds.

Vanquished Creatures
  The ghost of homeworkjunkie the Sneak, an amateur SpAs of Okawaru (D:3)
  An orc wizard (D:3)
  5 adders
  3 gnolls (D:3)
  An ooze (D:2)
  4 orcs
  2 ball pythons
  4 giant cockroaches
  5 goblins
  6 hobgoblins
  3 jackals (D:1)
  7 kobolds
  A quokka (D:3)
  8 bats
  6 giant geckos
  4 giant newts
  8 rats
69 creatures vanquished.

Notes
Turn   | Place    | Note
--------------------------------------------------------------
     0 | D:1      | Lathuz the Deep Elf Conjurer began the quest for the Orb.
     0 | D:1      | Reached XP level 1. HP: 10/10 MP: 6/6
   299 | D:1      | Reached XP level 2. HP: 15/15 MP: 5/8
   342 | D:1      | Reached skill level 5 in Conjurations
   684 | D:1      | Reached XP level 3. HP: 19/19 MP: 6/9
  2031 | D:2      | Reached skill level 6 in Conjurations
  2284 | D:2      | Reached XP level 4. HP: 24/24 MP: 5/10
  2322 | D:2      | Found a radiant altar of Vehumet.
  2338 | D:2      | Became a worshipper of Vehumet
  2383 | D:2      | Found a sacrificial altar of Ru.
  3301 | D:3      | Reached skill level 7 in Conjurations
  3301 | D:3      | Reached XP level 5. HP: 28/28 MP: 5/11
  3308 | D:3      | Learned a level 5 spell: Iskenderun's Battlesphere
  3402 | D:3      | Noticed homeworkjunkie's ghost (amateur SpAs)
  3444 | D:3      | Killed homeworkjunkie's ghost
  3954 | D:3      | Noticed Sigmund
  4387 | D:3      | Slain by an orc priest

Action                   |  1- 3 |  4- 6 || total
-------------------------+-------+-------++-------
Melee: Short sword       |       |     8 ||     8
 Cast: Magic Dart        |    85 |    86 ||   171
  Use: Scroll            |       |     8 ||     8
  Eat: Chunk             |     3 |     6 ||     9
       Bread ration      |       |     1 ||     1
